 Dungeon Crawl Stone Soup version 0.30-a0-241-g1121274140 (webtiles) character file.

Game seed: 1428180646450142028

111171 Pooter the Severer (level 16, -9/198 HPs)
             Began as a Minotaur Berserker on Oct 9, 2022.
             Was an Elder of Trog.
             Killed from afar by a bog body (14 damage)
             ... with a bolt of cold
             ... on level 2 of the Swamp on Oct 10, 2022.
             The game lasted 02:27:46 (32922 turns).

Pooter the Severer (Minotaur Berserker)            Turns: 32922, Time: 02:27:46

Health: -9/198     AC: 23    Str: 27    XL:     16   Next: 8%
Magic:  15/15      EV: 10    Int:  6    God:    Trog [****..]
Gold:   81         SH:  0    Dex: 11    Spells: 15/15 levels left

rFire   . . .      SeeInvis .    a - +9 executioner's axe "Wyudwido" {flame, Will++}
rCold   . . .      Faith    .    (shield currently unavailable)
rNeg    . . .      Spirit   .    L - +6 plate armour
rPois   +          Reflect  .    (helmet restricted)
rElec   .          Harm     +    T - scarf {harm}
rCorr   .          Rampage  .    M - +1 pair of gloves
Will    +++++                    Y - +0 pair of boots
Stlth   ..........               K - amulet "Ogukeitos" {RegenMP Harm Slay+4}
HPRegen 1.53/turn                P - ring of poison resistance
MPRegen 0.54/turn                Q - ring of flight

@: berserking, strong-willed, flying, regenerating, very quick
A: horns 2, retaliatory headbutt, frail 1
a: Renounce Religion, Berserk, Trog's Hand, Brothers in Arms


You were on level 2 of the Swamp.
You worshipped Trog.
Trog was greatly pleased with you.
You visited 5 branches of the dungeon, and saw 25 of its levels.
You also visited: Ossuary.

You collected 2451 gold pieces.
You spent 2370 gold pieces at shops.

Inventory:

Hand Weapons
 a - the +9 executioner's axe "Wyudwido" (weapon) {flame, Will++}
   (Trog gifted it to you on level 15 of the Dungeon)

   It burns those it strikes, dealing additional fire damage.
   Big, fiery blades are also staple armaments of hydra-hunters.
   Will:      It greatly increases your willpower.
 b - a +5 arbalest of venom
   (You took it off an orc warlord on level 9 of the Dungeon)
 x - a +0 demon whip of venom
   (You took it off Amaemon on level 1 of the Lair of Beasts)
 O - a +6 battleaxe of flaming
   (You took it off a wight on level 7 of the Dungeon)
Missiles
 z - 4 atropa-tipped darts
 A - 5 curare-tipped darts
 C - 18 boomerangs (quivered)
 H - 17 poisoned darts
 S - 7 javelins
Armour
 L - a +6 plate armour (worn)
   (You took it off an orc warrior on level 8 of the Dungeon)
 M - a +1 pair of gloves (worn)
   (You found it on level 1 of the Dungeon)
 T - a scarf of harm (worn)
   (You found it on level 1 of the Swamp)
 Y - a +0 pair of boots (worn)
   (You found it on level 13 of the Dungeon)
Jewellery
 p - a +6 ring of strength
   (You bought it in a shop on level 1 of the Orcish Mines)
 E - a +6 ring of dexterity
   (You bought it in a shop on level 4 of the Dungeon)
 F - a ring of protection from fire
   (You found it on level 2 of the Lair of Beasts)
 G - an amulet of guardian spirit
   (You found it on level 1 of the Lair of Beasts)
 K - the amulet "Ogukeitos" (around neck) {RegenMP Harm Slay+4}
   (You bought it in a shop on level 2 of the Orcish Mines)

   [amulet of magic regeneration]

   It increases your rate of magic regeneration.
   Slay:      It affects your accuracy & damage with ranged weapons and melee
   (+4).
   Harm:      It increases damage dealt and taken.
 P - a ring of poison resistance (left hand)
   (You found it on level 4 of the Dungeon)
 Q - a ring of flight (right hand)
   (You took it off a tengu conjurer on level 15 of the Dungeon)
 W - an amulet of reflection
   (You found it on level 11 of the Dungeon)
 X - a +4 ring of evasion
   (You found it on level 13 of the Dungeon)
Wands
 f - a wand of flame (48)
   (You took it off Maurice on level 1 of the Orcish Mines)
 u - a wand of paralysis (24)
   (You found it on level 3 of the Lair of Beasts)
 D - a wand of digging (13)
   (You found it on level 14 of the Dungeon)
 J - a wand of roots (6)
   (You found it on level 1 of the Lair of Beasts)
 Z - a wand of mindburst (11)
   (You found it on level 14 of the Dungeon)
Scrolls
 d - 9 scrolls of blinking
 g - 5 scrolls of vulnerability {!r}
 i - 5 scrolls of identify {@r1}
 k - 6 scrolls of noise {!r}
 l - 5 scrolls of fear
 o - 5 scrolls of poison {!r}
 r - 3 scrolls of fog
 t - 20 scrolls of teleportation {@r4}
 v - a scroll of silence
 N - 4 scrolls of magic mapping
 R - 2 scrolls of immolation {!r}
 U - 2 scrolls of brand weapon
 V - 2 scrolls of summoning
Potions
 c - 2 potions of resistance
 e - 13 potions of curing {@q1}
 h - 4 potions of attraction {!q}
 j - 5 potions of haste {@q3}
 m - 7 potions of heal wounds {@q2}
 n - 3 potions of invisibility
 q - 3 potions of lignification {!q}
 s - a potion of might
 w - 2 potions of cancellation
 y - 3 potions of ambrosia
 B - 3 potions of flight
 I - 3 potions of mutation {!q}


   Skills:
 + Level 14.6 Fighting
 * Level 19.3(19.4) Axes
 - Level 2.9(13.0) Maces & Flails
 * Level 17.0 Ranged Weapons
 - Level 4.9 Throwing
 + Level 8.4 Armour
 + Level 7.3 Dodging
 + Level 3.8 Stealth
 - Level 8.7 Evocations


You had 15 spell levels left.
You didn't know any spells.
Your spell library was empty.

Dungeon Overview and Level Annotations

Branches:
Dungeon (15/15)            Temple (0/1) D:5            Lair (5/5) D:10
  Swamp (2/4) Lair:2        Snake (0/4) Lair:3        Slime (0/5) Lair:4
    Orc (2/2) D:9             Elf (0/3) Orc:2        Vaults (0/5) D:14
 Depths (1/4) D:15        Ossuary (visited)

Altars:
Ashenzari
Elyvilon
Gozag
Hepliaklqana
Kikubaaqudgha
Makhleb
Nemelex Xobeh
Okawaru
Qazlal
Sif Muna
Uskayaw
Vehumet
Wu Jian
Xom
The Shining One
Jiyva

Shops:
D:4 *   D:10 *?![(   D:11 ?   D:13 (   Orc:1 ?=   Orc:2 =?*?

Portals:
Abyss: D:3


Innate Abilities, Weirdness & Mutations

You have a pair of horns on your head.
You reflexively headbutt those who attack you in melee.
You are frail. (-10% HP)


Message History

The will-o-the-wisp conjures some foxfire! 2 foxfires come into view.
You hit the eleionoma. You burn the eleionoma. You slice the swamp worm!!
You burn the swamp worm!
You are engulfed in a cloud of scalding steam.
The foxfire hits you!! x2
* * * LOW HITPOINT WARNING * * *
The swamp worm bites you!
* * * LOW HITPOINT WARNING * * *
The eleionoma hits you.
* * * LOW HITPOINT WARNING * * *
A red film seems to cover your vision as you go berserk!
You feel yourself moving faster!
You feel mighty!
You are engulfed in a cloud of scalding steam.
* * * LOW HITPOINT WARNING * * *
The swamp worm bites you.
* * * LOW HITPOINT WARNING * * *
The seven-headed hydra bites you but does no damage.
The seven-headed hydra completely misses you.
The seven-headed hydra barely misses you. x2
The seven-headed hydra bites you but does no damage. x2
The seven-headed hydra bites you.
* * * LOW HITPOINT WARNING * * *
The eleionoma hits you.
* * * LOW HITPOINT WARNING * * *
The will-o-the-wisp gestures.
The will-o-the-wisp conjures some foxfire! 2 foxfires come into view.
You hack one of the seven-headed hydra's heads off!
The flame cauterises the wound!
You slice the six-headed hydra!! You burn the six-headed hydra.
You slash the swamp worm! You burn the swamp worm.
You kill the swamp worm!
Trog accepts your kill.
You barely miss the eleionoma. The foxfire hits you!
* * * LOW HITPOINT WARNING * * *
The foxfire hits you!
* * * LOW HITPOINT WARNING * * *
Unknown command.
You slice one of the six-headed hydra's heads off!
The flame cauterises the wound!
You cut the five-headed hydra into ribbons!!!
You burn the five-headed hydra!
You kill the five-headed hydra!
Trog accepts your kill.
You barely miss the eleionoma.
You are engulfed in a cloud of scalding steam.
The bog body points at you and mumbles some strange words.
The bolt of cold hits you!
You die...

♣♣.♣~♣ ♣~~.~§♣♣
♣~~.~~♣♣ ♣~~~~~♣
♣♣ ♣♣.n§~~♣♣ ~♣
♣♣~♣~~...♣♣♣♣~♣♣
♣.~~.<~§§.♣♣.~.
♣..@Rv....~♣♣
♣..§○§~~♣~..♣
♣♣..§n~~~~~.♣
♣~....~~..~♣
.~......<~~♣
♣~...~~~w~~.~♣
.~.~~♣~~~~~♣.♣
..~~~..~.~§~~ ~.
~§~♣.~~~~~~~ ~~~


You could see an eleionoma, a will-o-the-wisp, 2 bog bodies and a swamp worm.

Vanquished Creatures
  Jorgrun (D:14)
  3 liches (D:14)
  Roxanne (D:14)
  A frost giant (D:15)
  An orc warlord (D:9)
  A quicksilver ooze (shapeshifter) (D:14)
  2 eleionomae (Swamp:1)
  The ghost of sleeves the Covert, a journeyman GnBr of Wu Jian (D:14)
  A bunyip (Swamp:1)
  2 fire dragons
  Josephine (Orc:1)
  A shambling mangrove (Swamp:1)
  7 hydras
  A vault guard (D:14)
  4 ogre magi (Orc:2)
  3 centaur warriors
  The ghost of DasBelly the Skirmisher, a journeyman SpHu of the Shining One (Lair:2)
  4 catoblepae
  An alligator (Swamp:1)
  A boulder beetle (D:13)
  18 two-headed ogres
  2 tengu warriors (D:15)
  An orc high priest (Orc:1)
  4 death yaks
  2 spriggan berserkers (D:15)
  Urug (Lair:1)
  A goliath frog (Swamp:1)
  Sonja (Orc:1)
  Amaemon (Lair:1)
  3 skeletal warriors (D:12)
  A deep troll (D:15)
  A swamp dragon (Swamp:1)
  An orc knight (Orc:1)
  2 lindwurms (Lair:5)
  Pikel (D:7)
  A deep elf zephyrmancer (D:14)
  4 deep elf pyromancers
  6 ugly things (D:15)
  A will-o-the-wisp (Swamp:1)
  9 cyclopes
  5 manticores
  An orc sorcerer (Orc:1)
  6 elephants
  2 molten gargoyles (Lair:5)
  2 water nymphs (Swamp:1)
  Maurice (Orc:1)
  9 black mambas
  A torpor snail (Lair:4)
  3 gargoyles (D:12)
  A water nymph (shapeshifter) (D:13)
  11 cane toads
  An orange demon (Lair:1)
  3 rime drakes
  A rime drake (shapeshifter) (D:14)
  10 komodo dragons
  A tengu conjurer (D:15)
  2 efreet
  An ice devil (D:14)
  4 trolls
  A meliai (D:14)
  A bloated husk (Swamp:1)
  A meliai (shapeshifter) (D:15)
  2 hornets
  Prince Ribbit (D:7)
  8 polar bears
  7 slime creatures (D:14)
  14 blink frogs
  A spriggan (Swamp:1)
  2 shadows (D:9)
  6 wyverns
  9 wraiths
  7 basilisks
  54 yaks
  Eustachio (D:4)
  A fire bat (shapeshifter) (D:15)
  16 vampire mosquitoes
  2 wargs
  2 steam dragons
  2 acid dragons
  3 nagas (Lair:3)
  6 swamp worms
  Edmund (D:4)
  15 water moccasins
  4 hell hounds (Lair:5)
  21 orc warriors
  Duvessa (D:7)
  A swamp drake (Swamp:1)
  3 ice beasts
  2 black bears
  29 ogres
  2 small abominations (D:3)
  3 centaurs
  8 wolves (Lair:1)
  The ghost of KennySheep the Chiller, an amateur BaTm of Lugonu (D:3)
  2 phantoms
  A kobold brigand (D:8)
  12 bullfrogs
  2 gnoll sergeants
  A necrophage (D:6)
  3 scorpions
  6 wights
  Dowan (D:7)
  A troll zombie (D:9)
  5 killer bees
  An electric eel (Lair:2)
  7 howler monkeys
  5 lava snakes (Lair:5)
  11 orc priests
  An iron imp (D:14)
  2 jellies (D:7)
  4 iguanas
  Natasha (thrice) (D:4)
  15 orc wizards
  7 ogre zombies (D:9)
  13 gnolls
  6 adders
  4 shadow imps
  4 white imps
  3 ufetubi
  An adder zombie (Ossuary)
  2 dart slugs
  68 orcs
  7 ball pythons
  6 endoplasms
  4 giant cockroaches
  4 goblins
  10 hobgoblins
  4 jackals (D:5)
  7 kobolds
  3 quokkas
  3 ball python skeletons (Ossuary)
  2 bats
  A frilled lizard (D:3)
  A goblin skeleton (D:9)
  3 goblin zombies (D:9)
  A hobgoblin skeleton (Ossuary)
  3 hobgoblin zombies
  6 orc skeletons
  16 orc zombies (D:9)
  5 rats
679 creatures vanquished.

Vanquished Creatures (collateral kills)
  A lich (D:14)
1 creature vanquished.

Vanquished Creatures (others)
  An orc (Orc:1)
  14 foxfires
  24 fungi
  21 plants
60 creatures vanquished.

Grand Total: 740 creatures vanquished

Notes
Turn   | Place    | Note
-------+----------+-------------------------------------------
     0 | D:1      | Pooter the Minotaur Berserker began the quest for the Orb.
     0 | D:1      | Reached XP level 1. HP: 19/19 MP: 0/0
   127 | D:1      | Reached skill level 4 in Axes
   127 | D:1      | Reached XP level 2. HP: 14/27 MP: 1/1
   892 | D:2      | Found a faded altar of an unknown god.
  1009 | D:2      | Reached XP level 3. HP: 28/33 MP: 2/2
  1437 | D:3      | Found a transporter.
  1445 | D:3      | Noticed a kobold brigand
  1446 | D:3      | Noticed a small abomination
  1450 | D:3      | Found a transporter.
  1450 | D:3      | Noticed a small abomination
  1451 | D:3      | Found a one-way gate to the infinite horrors of the Abyss.
  1458 | D:3      | Noticed KennySheep's ghost (amateur BaTm)
  1530 | D:3      | Found an ornate altar of the Wu Jian Council.
  1532 | D:3      | Found a stormy altar of Qazlal.
  1534 | D:3      | Found a sparkling altar of Nemelex Xobeh.
  1534 | D:3      | Found a shimmering blue altar of Sif Muna.
  1535 | D:3      | Found a radiant altar of Vehumet.
  1535 | D:3      | Found a broken altar of Ashenzari.
  1535 | D:3      | Found a glowing golden altar of the Shining One.
  1535 | D:3      | Found a white marble altar of Elyvilon.
  1603 | D:3      | Reached ** piety under Trog
  1604 | D:3      | Reached XP level 4. HP: 41/41 MP: 3/3
  1658 | D:3      | Reached skill level 5 in Axes
  2009 | D:4      | Found Epuuweh's Assorted Antiques.
  2010 | D:4      | Noticed Eustachio
  2013 | D:4      | Bought a scroll of identify for 40 gold pieces
  2013 | D:4      | Bought a scroll labelled PANUKKAUTT for 20 gold pieces
  2013 | D:4      | Bought a golden potion for 18 gold pieces
  2013 | D:4      | Bought 2 amethyst potions for 36 gold pieces
  2190 | D:4      | Noticed Natasha
  2196 | D:4      | Reached XP level 5. HP: 37/47 MP: 4/4
  2202 | D:4      | Killed Natasha
  2227 | D:4      | Noticed Natasha
  2267 | D:4      | HP: 2/47 [white imp[Natasha] (3)]
  2268 | D:4      | Killed Natasha
  2428 | D:4      | Reached skill level 6 in Axes
  2510 | D:4      | Reached skill level 5 in Fighting
  2593 | D:4      | Killed Eustachio
  2594 | D:4      | Reached XP level 6. HP: 56/56 MP: 5/5
  2793 | D:4      | Reached skill level 7 in Axes
  3044 | D:4      | Noticed Edmund
  3062 | D:4      | Killed Edmund
  3063 | D:4      | Reached XP level 7. HP: 62/62 MP: 6/6
  3134 | D:4      | Noticed Natasha
  3140 | D:4      | Killed Natasha
  3467 | D:4      | Reached skill level 8 in Axes
  3467 | D:4      | Reached skill level 5 in Dodging
  3660 | D:5      | Entered Level 5 of the Dungeon
  3752 | D:5      | Found a burning altar of Makhleb.
  3820 | D:5      | Reached skill level 1 in Ranged Weapons
  3820 | D:5      | Reached XP level 8. HP: 61/71 MP: 7/7
  3966 | D:5      | Reached skill level 9 in Axes
  4191 | D:5      | Found a staircase to the Ecumenical Temple.
  4505 | D:4      | Bought a notched bone ring for 100 gold pieces
  5083 | D:7      | Noticed Prince Ribbit
  5093 | D:7      | Reached skill level 10 in Axes
  5117 | D:7      | Killed Prince Ribbit
  5118 | D:7      | Reached skill level 5 in Ranged Weapons
  5118 | D:7      | Reached XP level 9. HP: 37/80 MP: 8/8
  5235 | D:7      | Noticed Pikel
  5244 | D:7      | Killed Pikel
  5328 | D:7      | Found a hazy altar of Hepliaklqana.
  5329 | D:7      | Found a shimmering altar of Xom.
  5330 | D:7      | Noticed a spectral ugly thing
  5374 | D:7      | Reached skill level 11 in Axes
  5603 | D:7      | Noticed Dowan
  5605 | D:7      | Noticed Duvessa
  5608 | D:7      | Killed Dowan
  5610 | D:7      | Killed Duvessa
  5611 | D:7      | Reached skill level 1 in Evocations
  5792 | D:7      | Found an opulent altar of Gozag.
  5830 | D:8      | Found a sand-covered staircase.
  5835 | Ossuary  | Entered an ossuary
  5881 | Ossuary  | Reached *** piety under Trog
  6504 | D:8      | Reached XP level 10. HP: 90/90 MP: 9/9
  6603 | D:8      | Reached skill level 12 in Axes
  7492 | D:9      | Reached **** piety under Trog
  7499 | D:9      | Found a staircase to the Orcish Mines.
  7546 | D:9      | Noticed a two-headed ogre
  7553 | D:9      | Killed a two-headed ogre
  7679 | Orc:1    | Entered Level 1 of the Orcish Mines
  7679 | Orc:1    | Noticed Sonja
  7682 | Orc:1    | Killed Sonja
  7683 | Orc:1    | Reached skill level 13 in Axes
  7732 | Orc:1    | Noticed Josephine
  7750 | D:9      | HP: 2/138 [troll[an orc high priest] (8)]
  8005 | Orc:1    | Killed Josephine
  8006 | Orc:1    | Reached XP level 11. HP: 99/99 MP: 10/10
  8011 | Orc:1    | Noticed an orc high priest
  8061 | Orc:1    | Gained mutation: You are frail. (-10% HP) [a neqoxec]
  8065 | Orc:1    | Killed an orc high priest
  8066 | Orc:1    | Reached skill level 10 in Fighting
  8074 | Orc:1    | Noticed an orc sorcerer
  8078 | Orc:1    | Killed an orc sorcerer
  8123 | Orc:1    | Noticed an orc warlord
  8138 | D:9      | Reached skill level 10 in Ranged Weapons
  8730 | D:9      | Killed an orc warlord
  8731 | D:9      | Reached skill level 14 in Axes
  9728 | Orc:2    | Entered Level 2 of the Orcish Mines
  9960 | Orc:2    | Noticed an ogre mage
  9963 | Orc:2    | Noticed a two-headed ogre
 10142 | Orc:1    | Killed a two-headed ogre
 10143 | Orc:1    | Reached skill level 5 in Evocations
 10304 | Orc:2    | Paralysed by something for 5 turns
 10310 | Orc:2    | Killed an ogre mage
 10335 | Orc:2    | Noticed a two-headed ogre
 10336 | Orc:2    | Noticed a two-headed ogre
 10337 | Orc:2    | Noticed a two-headed ogre
 10339 | Orc:2    | Killed a two-headed ogre
 10348 | Orc:1    | Killed a two-headed ogre
 10594 | Orc:1    | Killed a two-headed ogre
 10595 | Orc:1    | Reached XP level 12. HP: 48/97 MP: 11/11
 10794 | Orc:1    | Noticed Maurice
 10800 | Orc:1    | Killed Maurice
 11113 | Orc:2    | Noticed a two-headed ogre
 11121 | Orc:2    | Killed a two-headed ogre
 11122 | Orc:2    | Reached skill level 15 in Axes
 11144 | Orc:2    | Noticed a two-headed ogre
 11150 | Orc:2    | Killed a two-headed ogre
 11206 | Orc:2    | Noticed a two-headed ogre
 11210 | Orc:2    | Noticed a two-headed ogre
 11212 | Orc:2    | Killed a two-headed ogre
 11219 | Orc:2    | Killed a two-headed ogre
 11245 | Orc:2    | Found a staircase to the Elven Halls.
 11253 | Orc:2    | Noticed a two-headed ogre
 11257 | Orc:2    | Killed a two-headed ogre
 11260 | Orc:2    | Noticed a two-headed ogre
 11269 | Orc:2    | Killed a two-headed ogre
 11454 | Orc:2    | Noticed an ogre mage
 11458 | Orc:2    | Paralysed by an ogre mage for 5 turns
 11464 | Orc:2    | Killed an ogre mage
 11823 | Orc:1    | Found Lughalynt's Magic Scroll Boutique.
 11831 | Orc:1    | Bought a scroll of enchant weapon for 135 gold pieces
 11831 | Orc:1    | Bought a scroll of identify for 36 gold pieces
 11831 | Orc:1    | Bought a scroll of enchant weapon for 135 gold pieces
 11831 | Orc:1    | Bought a scroll of fog for 72 gold pieces
 12167 | Orc:2    | Noticed an ogre mage
 12168 | Orc:2    | Paralysed by an ogre mage for 3 turns
 12175 | Orc:2    | Killed an ogre mage
 12207 | Orc:1    | Found Baecs's Jewellery Shoppe.
 12216 | Orc:1    | Bought a +6 ring of strength for 540 gold pieces
 12340 | Orc:2    | Found Haulid's Magic Scroll Boutique.
 12340 | Orc:2    | Found Cuquckan's Magic Scroll Emporium.
 12340 | Orc:2    | Found Anaeck's Jewellery Shoppe.
 12340 | Orc:2    | Found Soarim's Assorted Antiques.
 12340 | Orc:2    | Noticed a two-headed ogre
 12341 | Orc:2    | Noticed a two-headed ogre
 12341 | Orc:2    | Noticed a two-headed ogre
 12341 | Orc:2    | Noticed a two-headed ogre
 12352 | Orc:2    | Killed a two-headed ogre
 12353 | Orc:2    | Reached skill level 16 in Axes
 12355 | Orc:2    | Killed a two-headed ogre
 12355 | Orc:2    | Killed a two-headed ogre
 12357 | Orc:2    | Killed a two-headed ogre
 12413 | Orc:2    | Noticed a two-headed ogre
 12420 | Orc:2    | Killed a two-headed ogre
 12452 | Orc:2    | Noticed an ogre mage
 12464 | Orc:2    | Killed an ogre mage
 12468 | Orc:2    | Bought a scroll of identify for 28 gold pieces
 12468 | Orc:2    | Bought a scroll of identify for 28 gold pieces
 12468 | Orc:2    | Bought a scroll of identify for 28 gold pieces
 12468 | Orc:2    | Bought a scroll of magic mapping for 105 gold pieces
 12699 | D:9      | Found a hide-covered altar of Uskayaw.
 12742 | D:9      | Reached XP level 13. HP: 101/106 MP: 12/12
 13225 | D:10     | Entered Level 10 of the Dungeon
 13788 | D:10     | Found Ygu Qofi's Antique Armour Shop.
 13804 | D:10     | Found Ahaph's Weapon Emporium.
 13940 | D:10     | Found a staircase to the Lair.
 14099 | D:10     | Found Upou's Distillery.
 14108 | D:10     | Found Nuding's Magic Scroll Shop.
 14121 | D:10     | Bought a scroll of identify for 26 gold pieces
 14134 | D:10     | Found Cisadghaem's General Store.
 14523 | Lair:1   | Entered Level 1 of the Lair of Beasts
 14736 | Lair:1   | Noticed Urug
 14745 | Lair:1   | Killed Urug
 15300 | Orc:2    | Bought a scroll of identify for 68 gold pieces
 15701 | Lair:1   | Noticed Amaemon
 15707 | Lair:1   | Killed Amaemon
 15810 | Lair:1   | Reached skill level 17 in Axes
 16001 | Lair:2   | Found a runed translucent door.
 16001 | Lair:2   | Noticed DasBelly's ghost (journeyman SpHu)
 16027 | Lair:2   | Killed DasBelly's ghost
 16425 | Lair:2   | Reached skill level 1 in Maces & Flails
 16488 | Lair:2   | Found a staircase to the Swamp.
 16734 | Lair:2   | Reached skill level 1 in Throwing
 17211 | D:10     | Bought a scroll of enchant weapon for 97 gold pieces
 18310 | Lair:3   | Found a staircase to the Snake Pit.
 19199 | Orc:2    | Bought a scroll of enchant weapon for 105 gold pieces
 19521 | Lair:4   | Reached XP level 14. HP: 99/114 MP: 11/13
 20576 | Lair:4   | Found a viscous altar of Jiyva.
 20576 | Lair:4   | Found a staircase to the Slime Pits.
 20729 | Lair:5   | Entered Level 5 of the Lair of Beasts
 20867 | Lair:5   | Reached skill level 18 in Axes
 21112 | Lair:5   | Reached skill level 15 in Ranged Weapons
 21308 | Lair:5   | Reached ***** piety under Trog
 21833 | Lair:5   | Found a large runed translucent door.
 21834 | Lair:5   | Found a large runed translucent door.
 22780 | D:11     | Identified the +2 trident of Ewnergh {elec, rCorr}
 23436 | D:11     | Found Gaigh's Magic Scroll Boutique.
 23921 | D:12     | Reached skill level 5 in Armour
 24671 | D:12     | Reached XP level 15. HP: 123/123 MP: 14/14
 25828 | D:13     | Found Gyatixee's Antique Weapon Emporium.
 26078 | D:14     | Reached skill level 1 in Stealth
 26343 | D:14     | Identified Roxanne's Guide on Changing
 26343 | D:14     | Noticed Roxanne
 26374 | D:14     | Killed Roxanne
 27117 | D:14     | Found a runed translucent gate.
 27117 | D:14     | Found a runed translucent gate.
 27117 | D:14     | Found a runed translucent gate.
 27117 | D:14     | Found an ancient bone altar of Kikubaaqudgha.
 27117 | D:14     | Noticed a lich
 27117 | D:14     | Noticed a lich
 27117 | D:14     | Noticed sleeves's ghost (journeyman GnBr)
 27118 | D:14     | Noticed a lich
 27118 | D:14     | Noticed a lich
 27134 | D:14     | Noticed Jorgrun
 27153 | D:14     | HP: 8/186 [constriction (15)]
 27156 | D:14     | Killed Jorgrun
 28156 | D:14     | Found a gate to the Vaults.
 28309 | D:15     | Entered Level 15 of the Dungeon
 28766 | D:15     | Found a staircase to the Depths.
 28766 | D:15     | Noticed a frost giant
 28773 | D:15     | Killed a frost giant
 28773 | D:15     | Identified the +9 executioner's axe "Wyudwido" {flame,
                  | Will++} (Trog gifted it to you on level 15 of the Dungeon)
 28773 | D:15     | Received a gift from Trog
 28875 | Depths:1 | Entered Level 1 of the Depths
 29856 | D:15     | Reached skill level 19 in Axes
 29933 | D:15     | Found an iron altar of Okawaru.
 30385 | D:3      | Killed KennySheep's ghost
 30754 | D:14     | Killed a lich
 30754 | D:14     | Killed a lich
 30758 | D:14     | Killed a lich
 30760 | D:14     | Killed a lich
 30761 | D:14     | Killed sleeves's ghost
 30777 | D:14     | Identified the +1 cloak of Xiust {rN+ Int+4}
 30780 | D:14     | Identified the amulet of Onuexerch {Faith Harm MP+9}
 30781 | D:14     | Upgraded the game from 0.30-a0-223-gcb0039aa0c to
                  | 0.30-a0-241-g1121274140
 31111 | Swamp:1  | Entered Level 1 of the Swamp
 32279 | Orc:2    | Bought the amulet "Ogukeitos" {RegenMP Harm Slay+4} for 753
                  | gold pieces
 32537 | Swamp:1  | Reached XP level 16. HP: 109/132 MP: 15/15
 32921 | Swamp:2  | HP: 3/198 [will-o-the-wisp/foxfire (15)]
 32922 | Swamp:2  | Killed from afar by a bog body

Illustrated notes

Levels and vault maps discovered:
D:1:      wheals_arrival_linesprint, layout_basic
D:2:      layout_rooms, basic_ecumenical_altar
D:3:      layout_basic, grunt_temple_overflow_open,
          gammafunk_ghost_abyssal_escape, minmay_misc_feat_five
D:4:      layout_loops_ring, serial_shops, nicolae_shop_hallway_stairs,
          corner_web_ring, uniq_natasha, uniq_edmund, uniq_eustachio
D:5:      layout_loops_ring, kennysheep_mini, temple_green,
          nicolae_elevator_lobby_asterisk
D:6:      layout_basic
D:7:      layout_rooms, regret_index_temple_of_mockery,
          mainiacjoe_overflow_alcove_4, uniq_prince_ribbit1, uniq_duvessa,
          uniq_pikel
D:8:      layout_loops_ring, enter_ossuary_5
D:9:      layout_roguey, nicolae_uskayaw_en_pointe, zombieorc2_lemuel,
          special_room [special_room_orc]
D:10:     layout_layer_cave, lair_entry_dummy, serial_shops,
          nicolae_shop_bloodbath_and_beyond, nicolae_shop_statue_plus,
          nicolae_shop_trees, shop, shop_statue
D:11:     layout_basic, serial_shops, nicolae_square_shop
D:12:     layout_stronghold
D:13:     layout_loops_corners, serial_shops, shop_fountains
D:14:     kennysheep_demon_hangout, layout_irregular_city, david_vaults_5,
          minmay_misc_feat_rows, gammafunk_ghost_crypt, serial_bayou_crossing,
          uniq_jorgrun, uniq_roxanne
D:15:     grunt_enter_depths_snipers, layout_basic,
          hellmonk_okawaru_the_only_friend_you_need
Lair:1:   layout_gridlike, st_stairs_9, beast_lair_carwin_5, grunt_megastairs_1,
          uniq_urug, uniq_amaemon
Lair:2:   layout_big_grid, swamp_mist_pool, hellmonk_ghost_happy_afterlife,
          serial_bayou_shore_a
Lair:3:   layout_small_grid, guppyfry_snake_entry_island,
          gauntlet_entry_generic, nicolae_lair_grove_arrangements,
          serial_bayou_shore_b
Lair:4:   nzn_winding_woodlands_medium [nzn_winding_woodlands_5x5_perimeter,
          nzn_winding_woodlands_5x15_jagged, nzn_winding_woodlands_5x5_default,
          nzn_winding_woodlands_5x5_checkerboard,
          nzn_winding_woodlands_center_triple_pond,
          nzn_winding_woodlands_5x5_default,
          nzn_winding_woodlands_5x5_closed_star,
          nzn_winding_woodlands_5x15_crooked,
          nzn_winding_woodlands_5x5_open_star], layout_long_grid,
          dpeg_slime_entry_corner, minivault_19, infiniplex_staircase_pool
Lair:5:   cheibrodos_lair_end_hotspot, layout_regular_city
Swamp:1:  layout_basic_swamp, hangedman_swamp_ruin_hall, swamp_pool1,
          nicolae_swamp_nymph_family_reunion
Swamp:2:  layout_falls_marsh, nicolae_swamp_stair_fork
Orc:1:    layout_diamond_mine, basic_altar, serial_shops, shop,
          minmay_shop_enchanted_jewellery, uniq_maurice, uniq_josephine,
          uniq_sonja
Orc:2:    st_orc_ogre_mass, layout_diamond_mine, nicolae_orc_flooded_monolith
Depths:1: layout_cave_pools, serial_shops, shop, shop,
          nicolae_shop_hallway_plus, pf_vacation_house_of_asmodeus,
          minmay_fountain_box, tso_oasis_becter

Skill      XL: |  1  2  3  4  5  6  7  8  9 10 11 12 13 14 15 16 |
---------------+-------------------------------------------------+-----
Axes           | 4 5 6 7 8 10 11 13 14 16 17 18 19 | 19.3
Fighting       | 4 5 6 7 8 9 10 12 13 14 | 14.6
Dodging        | 3 4 5 7 |  7.3
Ranged Weapons | 1 5 7 9 11 13 14 15 16 17 | 17.0
Evocations     | 2 4 5 6 7 8 |  8.7
Maces & Flails | 2 |  2.9
Throwing       | 2 4 |  4.9
Armour         | 5 8 |  8.4
Stealth        | 3 |  3.8

Action                   |  1- 3 |  4- 6 |  7- 9 | 10-12 | 13-15 | 16-18 || total
-------------------------+-------+-------+-------+-------+-------+-------++-------
Melee: Hand axe          |    93 |    99 |    24 |       |       |       ||   216
       Headbutt          |     6 |    15 |    40 |    49 |   132 |     1 ||   243
       Punch             |       |     1 |     2 |       |       |       ||     3
       Flail             |       |       |    59 |       |       |       ||    59
       Battleaxe         |       |       |    94 |   277 |   550 |       ||   921
       Morningstar       |       |       |    18 |       |       |       ||    18
       Executioner's axe |       |       |       |       |    80 |    13 ||    93
 Fire: Shortbow          |       |       |    46 |     5 |       |       ||    51
       Arbalest          |       |       |       |   117 |   261 |    16 ||   394
Throw: Stone             |       |    10 |       |       |       |       ||    10
       Boomerang         |       |       |     6 |     5 |    41 |       ||    52
Invok: Berserk           |     2 |     4 |     5 |    15 |    13 |     1 ||    40
       Trog's Hand       |       |     2 |     7 |    18 |    27 |     1 ||    55
       Brothers in Arms  |       |       |       |       |     2 |       ||     2
Evoke: Wand              |       |       |       |    10 |    12 |       ||    22
  Use: Scroll            |     3 |     2 |     7 |    13 |    22 |       ||    47
       Potion            |     1 |       |       |     1 |     2 |       ||     4
 Stab: Sleeping          |     2 |       |       |       |       |       ||     2
       Petrified         |       |       |       |       |     4 |       ||     4
       Paralysed         |       |       |       |       |     3 |       ||     3
       Distracted        |       |       |       |       |     2 |       ||     2
Armor: Animal skin       |    24 |    17 |       |       |       |       ||    41
       Chain mail        |       |       |   107 |    27 |       |       ||   134
       Plate armour      |       |       |       |   120 |   386 |    14 ||   520
Dodge: Dodged            |    54 |    43 |   107 |   161 |   276 |    10 ||   651
Block: Other             |       |       |       |       |    49 |       ||    49
       Reflection        |       |       |       |       |     8 |       ||     8

Table legend: (Time is in decaauts)
 A = Elapsed time spent in this place.
 B = Non-inter-level travel time spent in this place.
 C = Inter-level travel time spent in this place.
 D = Time resting spent in this place.
 E = Time spent auto-exploring this place.
 F = Levels seen in this place.
 G = Mean time per level.
                   A        B        C        D        E       F      G
               +--------+--------+--------+--------+--------+-----+--------+
         Total |  33475 |  30036 |   3439 |  10357 |  14590 |  26 | 1287.5 |
       Dungeon |  19773 |  17558 |   2215 |   5339 |   9768 |  15 | 1318.2 |
          Lair |   7762 |   6979 |    783 |   2014 |   3907 |   5 | 1552.4 |
         Swamp |   1183 |   1143 |     40 |    486 |    460 |   2 |  591.5 |
  Orcish Mines |   4379 |   3979 |    400 |   2405 |    442 |   2 | 2189.5 |
        Depths |     10 |     10 |      0 |      0 |      0 |   1 |   10.0 |
       Ossuary |    364 |    364 |      0 |    111 |     13 |   1 |  364.0 |
               +--------+--------+--------+--------+--------+-----+--------+

Top non-repeatable levels by time:
   Orc:1: 2624 daAuts
     D:9: 2396 daAuts
    D:14: 2161 daAuts
    D:10: 2021 daAuts
  Lair:2: 1970 daAuts
    D:15: 1803 daAuts
   Orc:2: 1755 daAuts
  Lair:5: 1732 daAuts
    D:12: 1650 daAuts
  Lair:4: 1548 daAuts
     D:4: 1471 daAuts
    D:13: 1311 daAuts
  Lair:3: 1264 daAuts
  Lair:1: 1247 daAuts
     D:3: 1198 daAuts
